 Dungeon Crawl Stone Soup version 0.18-a0-1014-g3bbf375 (webtiles) character file.

10560 Duffy the Fencer (level 11, 94/94 HPs)
             Began as a Minotaur Berserker on Jan 6, 2016.
             Was a High Priest of Trog.
             Quit the game on level 10 of the Dungeon.
             The game lasted 00:11:46 (13106 turns).

Duffy the Fencer (Minotaur Berserker)              Turns: 13106, Time: 00:11:47

Health: 94/94      AC: 13    Str: 23    XL:     11   Next: 37%
Magic:  1/3        EV: 11    Int:  4    God:    Trog [*****.]
Gold:   412        SH:  0    Dex: 12    Spells: 0 memorised, 10 levels left

rFire  . . .     SeeInvis .     a - +1 great sword (antimagic)
rCold  . . .     Gourm    .     F - +0 chain mail
rNeg   . . .     Faith    .     (shield currently unavailable)
rPois  +         Spirit   +     (helmet restricted)
rElec  .         Dismiss  .     (no cloak)
rCorr  .         Reflect  .     g - +0 pair of gloves
SustAt .         Harm     .     W - +0 pair of boots
MR     .....                    X - amulet of guardian spirit
Stlth  ..........               H - ring of loudness (curse)
                                s - ring of poison resistance

@: very slightly contaminated, not resistant to hostile enchantments, extremely
unstealthy
A: retaliatory headbutt, horns 2
a: Berserk, Trog's Hand, Brothers in Arms, Burn Spellbooks, Renounce Religion


You were on level 10 of the Dungeon.
You worshipped Trog.
Trog was extremely pleased with you.
You were hungry.

You visited 1 branch of the dungeon, and saw 10 of its levels.

You collected 412 gold pieces.


Innate Abilities, Weirdness & Mutations

You reflexively headbutt those who attack you in melee.
You have a pair of horns on your head.


   Skills:
 - Level 8.3 Fighting
 + Level 16.5 Long Blades
 - Level 7.7 Armour
 - Level 7.1 Dodging


You had 10 spell levels left.
You didn't know any spells.

Inventory:

Hand Weapons
 a - a +1 antimagic great sword (weapon)
 b - a +0 blowgun
Missiles
 o - 44 poisoned needles
 p - 7 javelins (quivered)
 S - 13 tomahawks
 U - a throwing net
Armour
 g - a +0 pair of gloves (worn)
 F - a +0 chain mail (worn)
 W - a +0 pair of boots (worn)
Jewellery
 q - an uncursed amulet of regeneration
 s - a ring of poison resistance (left hand)
 H - a cursed ring of loudness (right hand)
 Q - an uncursed amulet of rage
 X - an amulet of guardian spirit (around neck)
Wands
 w - a wand of digging (13/24)
 C - a wand of flame (32/48)
 K - a wand of polymorph (17/24)
 L - a wand of frost (32/48)
 V - a wand of fire (5/15)
 Z - a wand of paralysis (4/24)
Scrolls
 e - a scroll of fog
 f - 9 scrolls of remove curse
 h - 2 scrolls of teleportation
 i - a scroll of fear
 n - 2 scrolls of random uselessness
 t - 2 scrolls of recharging
 u - a scroll of enchant armour
 v - 2 scrolls of amnesia
 x - 3 scrolls of blinking
 z - a scroll of immolation
 A - 3 scrolls of magic mapping
 D - 2 scrolls of enchant weapon
 J - a scroll of noise
 Y - a scroll of silence
Potions
 d - 8 potions of curing
 k - a potion of cure mutation {unknown}
 l - a potion of haste {unknown}
 r - 5 potions of might {unknown}
 B - a potion of heal wounds {unknown}
 G - a potion of poison {unknown}
 I - a potion of agility
 M - a potion of ambrosia {unknown}
 N - a potion of flight {unknown}
 P - a potion of lignification {unknown}
 R - a potion of degeneration {unknown}
 T - a potion of brilliance {unknown}
Comestibles
 c - 5 bread rations
 m - a meat ration
 E - 3 beef jerkies
 O - 5 chunks of flesh

Dungeon Overview and Level Annotations

Branches:
Dungeon (10/15)            Temple (0/1) D:5            Lair (0/8) D:8
    Orc (0/2) D:9

Altars:
Cheibriados
Makhleb
Nemelex Xobeh
Okawaru
Trog
Vehumet
Xom
Yredelemnul
Zin

Shops:
D:4 [


Message History

As you read the scroll of identify, it crumbles to dust.
v - 2 scrolls of amnesia Read which item? (? for menu, Esc to quit)
Identify which item? (\ to view known items) (? for menu, Esc to quit)
As you read the scroll of identify, it crumbles to dust.
t - 2 scrolls of recharging Read which item? (? for menu, Esc to quit)
Identify which item? (\ to view known items) (? for menu, Esc to quit)
As you read the scroll of identify, it crumbles to dust.
n - 2 scrolls of random uselessness Read which item? (? for menu, Esc to quit)
Identify which item? (\ to view known items) (? for menu, Esc to quit)
As you read the scroll of identify, it crumbles to dust.
i - a scroll of fear Read which item? (? for menu, Esc to quit)
Identify which item? (\ to view known items) (? for menu, Esc to quit)
As you read the scroll of identify, it crumbles to dust.
f - 9 scrolls of remove curse Read which item? (? for menu, Esc to quit)
As you read the scroll labeled XUERCH NUYNISTRE, it crumbles to dust.
You feel strangely unstable.
It was a scroll of teleportation.
Read which item? (? for menu, Esc to quit)
Blink to where?
Press: ? - help, Dir - move target cursor You are very lightly contaminated with residual magic.
As you read the scroll labeled OSYHOO PAPALO, it crumbles to dust.
It was a scroll of blinking.
Read which item? (? for menu, Esc to quit)
As you read the scroll labeled ITAOCU ATRUUD, it crumbles to dust.
You feel aware of your surroundings.
It was a scroll of magic mapping.
You are feeling hungry.
Your surroundings suddenly seem different.
Read which item? (? for menu, Esc to quit)
Okay, then.
Are you sure you want to abandon this character and quit the game? (Confirm with "yes".)

#.######## #.#
#.######## #.#.......
#.#.######
#####.#.......
#.............
########.###.#.######
#...@...>..))).......
###.########.#.......
#.* #.######## #.*
#.#...# #.* ###.#...#
#.* #.......## #.*
#........# #.*
#........# *,*
#........###


There were no monsters in sight!

Action                   |  1- 3 |  4- 6 |  7- 9 | 10-12 || total
-------------------------+-------+-------+-------+-------++-------
Melee: Falchion          |    92 |    89 |   203 |       ||   384
       Long sword        |       |       |   183 |       ||   183
       Great sword       |       |       |    31 |   268 ||   299
Invok: Berserk           |       |     7 |     9 |     6 ||    22
       Burn Spellbooks   |       |       |     3 |     1 ||     4
  Use: Potion            |       |     1 |       |       ||     1
       Scroll            |       |       |       |    14 ||    14
 Stab: Sleeping          |       |     1 |       |       ||     1
  Eat: Chunk             |     2 |    11 |    23 |    19 ||    55
       Bread ration      |       |     1 |     1 |       ||     2
       Pizza             |       |       |     2 |       ||     2
       Fruit             |       |       |       |     5 ||     5

Notes
Turn   | Place    | Note
--------------------------------------------------------------
     0 | D:1      | Duffy the Minotaur Berserker began the quest for the Orb.
     0 | D:1      | Reached XP level 1. HP: 19/19 MP: 0/0
   252 | D:1      | Reached XP level 2. HP: 27/27 MP: 1/1
   272 | D:1      | Reached skill level 4 in Fighting
   272 | D:1      | Reached skill level 4 in Long Blades
   445 | D:1      | Reached XP level 3. HP: 30/33 MP: 2/2
   485 | D:1      | Reached ** piety under Trog
  1066 | D:2      | Found a faded altar to an unknown god.
  1129 | D:2      | Reached skill level 3 in Armour
  1162 | D:2      | Found an iron altar of Okawaru.
  1629 | D:3      | Reached skill level 3 in Dodging
  1629 | D:3      | Reached XP level 4. HP: 32/40 MP: 3/3
  2366 | D:4      | Noticed a phantom
  2915 | D:3      | Reached skill level 5 in Long Blades
  2915 | D:3      | Reached XP level 5. HP: 22/47 MP: 4/4
  3296 | D:4      | Killed a phantom
  3296 | D:4      | Reached skill level 5 in Fighting
  3538 | D:4      | Noticed an ogre
  3541 | D:4      | Killed an ogre
  3541 | D:4      | Reached skill level 4 in Armour
  3541 | D:4      | Reached XP level 6. HP: 56/56 MP: 5/5
  3621 | D:4      | Found Boul's Antique Armour Boutique.
  3628 | D:4      | Reached skill level 6 in Long Blades
  3732 | D:4      | Reached skill level 4 in Dodging
  3980 | D:4      | Reached XP level 7. HP: 28/61 MP: 6/6
  4155 | D:4      | Reached *** piety under Trog
  4535 | D:4      | Found a burning altar of Makhleb.
  4535 | D:4      | Noticed a green death
  4539 | D:4      | Found a glowing silver altar of Zin.
  4539 | D:4      | Noticed an angel
  4576 | D:5      | Entered Level 5 of the Dungeon
  4635 | D:5      | Reached skill level 7 in Long Blades
  4686 | D:5      | Reached skill level 6 in Fighting
  4724 | D:5      | Found a radiant altar of Vehumet.
  4742 | D:5      | Noticed Duvessa
  4742 | D:5      | Noticed Dowan
  4749 | D:5      | Killed Dowan
  4749 | D:5      | Reached skill level 5 in Armour
  4761 | D:5      | Killed Duvessa
  5327 | D:5      | Found a bloodstained altar of Trog.
  5357 | D:5      | Noticed Edmund
  5371 | D:5      | Killed Edmund
  5371 | D:5      | Reached skill level 5 in Dodging
  5371 | D:5      | Reached XP level 8. HP: 71/71 MP: 7/7
  5483 | D:5      | Found a staircase to the Ecumenical Temple.
  5531 | D:5      | Reached skill level 8 in Long Blades
  5569 | D:5      | Reached **** piety under Trog
  6220 | D:6      | Reached skill level 6 in Armour
  6234 | D:6      | Reached skill level 9 in Long Blades
  6539 | D:6      | Found a sparkling altar of Nemelex Xobeh.
  6539 | D:6      | Found a shimmering altar of Xom.
  6699 | D:6      | Reached skill level 7 in Fighting
  7000 | D:6      | Reached skill level 6 in Dodging
  7056 | D:6      | Reached XP level 9. HP: 79/79 MP: 8/8
  7554 | D:7      | Found a basalt altar of Yredelemnul.
  7790 | D:7      | Reached skill level 10 in Long Blades
  8025 | D:7      | Reached skill level 7 in Armour
  8248 | D:7      | Reached ***** piety under Trog
  8608 | D:8      | Found a staircase to the Lair.
  8609 | D:8      | Noticed a komodo dragon
  8623 | D:8      | Killed a komodo dragon
  8623 | D:8      | Reached skill level 8 in Fighting
  8909 | D:8      | Reached skill level 7 in Dodging
  8919 | D:8      | Reached skill level 11 in Long Blades
  9181 | D:8      | Received a gift from Trog
  9596 | D:9      | Reached XP level 10. HP: 58/88 MP: 3/9
  9907 | D:9      | Reached skill level 12 in Long Blades
 10399 | D:9      | Paralysed by fainting for 10 turns
 10480 | D:9      | Reached skill level 13 in Long Blades
 10832 | D:9      | Found a staircase to the Orcish Mines.
 11316 | D:9      | Found a snail-covered altar of Cheibriados.
 11353 | D:9      | Reached skill level 14 in Long Blades
 11415 | D:10     | Entered Level 10 of the Dungeon
 11752 | D:10     | Noticed a hill giant
 11767 | D:10     | Killed a hill giant
 11767 | D:10     | Reached skill level 15 in Long Blades
 11924 | D:10     | Reached XP level 11. HP: 75/94 MP: 3/10
 12655 | D:10     | Reached skill level 16 in Long Blades
 13106 | D:10     | Quit the game

Vault maps used:
D:1:      minmay_arrival_semitransparent, minmay_misc_feat_diagonals
D:2:      lemuel_coloured_pillars_altar, ecumenical_altar_1
D:3:      first_bread
D:4:      grunt_temple_overflow_order_and_chaos_2, serial_shops,
          nicolae_shop_crystal
D:5:      lemuel_ratsnest, fiery_altar_vehumet,
          minmay_temple_entry_purple_smoke, trog_book, uniq_duvessa, uniq_edmund
D:6:      nicolae_overflow_hidden_temple
D:7:      lemuel_zombie_altar_yredelemnul
D:8:      david_lair_shrubbed
D:9:      cheibrodos_worm_habitat

Vanquished Creatures
  A hill giant
  A komodo dragon
  A troll
  A two-headed ogre
  A trapdoor spider
  A wyvern
  21 yaks
  A steam dragon
  2 hungry ghosts
  2 hippogriffs Edmund
  A soldier ant Duvessa
  2 phantoms
  2 sky beasts
  2 ice beasts
  A necrophage
  An eye of draining
  5 ogres
  7 centaurs
  2 big kobolds
  2 giant frogs
  2 gnoll sergeants
  A scorpion
  A wyvern skeleton Dowan
  4 killer bees
  8 wights
  6 crimson imps
  4 centaur zombies
  2 quasits
  3 giant frog skeletons
  4 orc priests
  3 centaur skeletons
  7 hounds
  6 jellies
  12 orc wizards
  2 iguanas
  4 hell rats
  2 worker ants
  3 killer bee zombies
  A hound zombie
  A hound skeleton
  A worker ant zombie
  18 gnolls
  10 adders
  7 river rats
  2 shadow imps
  An adder zombie
  2 adder skeletons
  4 worms
  2 giant geckos
  34 orcs
  A ball python
  12 bats
  4 giant cockroaches
  2 gnoll zombies
  6 goblins
  3 hobgoblins
  9 jackals
  4 quokkas
  A giant gecko zombie
  5 giant newts
  15 kobolds
  A quokka zombie
  34 rats
  A plant
315 creatures vanquished.
